 Dungeon Crawl Stone Soup version 0.28-a0-1190-g77e1c55843 (webtiles) character file.

Game seed: 1316115568338030588

1144 ChaosChampion the Thaumaturge (level 8, -3/41 HPs)
             Began as a Deep Elf Conjurer on Dec 18, 2021.
             Slain by a yak (4 damage)
             ... on level 5 of the Dungeon.
             The game lasted 00:04:32 (5209 turns).

ChaosChampion the Thaumaturge (Deep Elf Conjurer)   Turns: 5209, Time: 00:04:32

Health: -3/41      AC:  2    Str: 10    XL:     8   Next: 15%
Magic:  10/22      EV: 12    Int: 26    God:
Gold:   154        SH:  0    Dex: 13    Spells: 14/24 levels left

rFire   . . .      SeeInvis .   (no weapon)
rCold   . . .      Faith    .   (no shield)
rNeg    . . .      Spirit   .   a - +0 robe
rPois   .          Reflect  .   (no helmet)
rElec   .          Harm     .   (no cloak)
rCorr   .          Rampage  .   (no gloves)
Will    .....                   (no boots)
Stlth   ++........              m - amulet of magic regeneration
HPRegen 0.13/turn               i - +6 ring of strength
MPRegen 0.58/turn               (no ring)

@: no status effects
A: no striking features
a: no special abilities


You were on level 5 of the Dungeon.
You visited 1 branch of the dungeon, and saw 6 of its levels.

You collected 154 gold pieces.

Inventory:

Armour
 a - a +0 robe (worn)
Jewellery
 i - a +6 ring of strength (left hand)
 m - an amulet of magic regeneration (around neck)
Wands
 h - a wand of polymorph (13)
 k - a wand of acid (10)
Scrolls
 c - 5 scrolls of identify
 d - a scroll of vulnerability
 g - 2 scrolls of teleportation
 j - a scroll of magic mapping {unknown}
 l - 3 scrolls of enchant weapon
Potions
 b - 2 potions of curing
 e - a potion of might {unknown}
 f - 2 potions of heal wounds {unknown}


   Skills:
 - Level 2.4 Dodging
 - Level 2.4 Stealth
 + Level 8.8 Spellcasting
 + Level 7.2 Conjurations
 - Level 4.0 Hexes
 - Level 4.0 Translocations


You had 14 spell levels left.
You knew the following spells:

 Your Spells              Type           Power      Damage    Failure   Level
a - Magic Dart            Conj           100%       1d8       1%          1
b - Searing Ray           Conj           98%        2d8       1%          2
c - Tukima's Dance        Hex            32%        N/A       3%          3
d - Iskenderun's Mystic   Conj/Tloc      40%        2d9       4%          4

Your spell library contained the following spells:

 Spells                   Type           Power      Damage    Failure   Level
 Apportation              Tloc           64%        N/A       1%          1
 Dazzling Flash           Conj/Hex       80%        N/A       1%          3
 Ensorcelled Hibernation  Hex/Ice        42%        N/A       3%          2
 Fulminant Prism          Conj/Hex       20%        3d13      4%          4
 Petrify                  Tmut/Erth      11%        N/A       45%         4
 Summon Ice Beast         Ice/Summ       11%        N/A       45%         4
 Alistair's Intoxication  Tmut/Pois      7%         N/A       82%         5
 Eringya's Noxious Bog    Tmut/Pois      5%         N/A       100%        6


Dungeon Overview and Level Annotations

Branches:
Dungeon (6/15)
 Temple: D:4-7

Altars:
Makhleb


Message History

The yak is lightly wounded.
The yak bellows! (Press . to maintain the ray.)
The yak closely misses you.
The searing ray hits the yak!
The yak is almost dead.
The searing ray hits the yak.
You kill the yak!
The searing ray hits the yak!
The yak is moderately wounded.
The yak closely misses you.
Training target 4.0 for Translocations reached!
Your Translocations skill increases to level 4!
You have reached level 8!
You feel clever.
The searing ray hits the yak!
You kill the yak!
The searing ray hits the yak.
The yak is heavily wounded.
Your Conjurations skill increases to level 7!
The searing ray hits the yak.
The yak is heavily wounded.
You finish channelling your searing ray.
The yak gores you.
Casting: Searing Ray (safe; 1% risk of failure)
Confirm with . or Enter, or press ? or * to list all spells.
Aiming: Searing Ray (safe; 1% risk of failure)
Press: ? - help, Shift-Dir - straight line, f - yak
Aim: a yak (heavily wounded, 90% to hit)
The searing ray hits the yak.
The yak is severely wounded. (Press . to maintain the ray.)
The yak gores you!
* * * LOW HITPOINT WARNING * * *
Casting: Searing Ray (safe; 1% risk of failure)
Confirm with . or Enter, or press ? or * to list all spells.
You erupt in a blast of force!
The mystic blast hits the yak!
The yak is almost dead.
The yak gores you.
You die...

#Y### ### #.#
#.#
.####.########
#.#
......Y.Yl...#
#.#
#####.######.#
#.# #.# #l#
#.# #.# #.#
#.# #.#
#.#######.#
#.#
#...Y@.##.#
#.#
#..###.##.# #.
#... #....#
##.#.#..###
#...Y..#
###.##.# #.
#.# # #.# #.#


You could see a yak.

Vanquished Creatures
  Grinder (D:3)
  2 yaks (D:5)
  A sky beast (D:6)
  2 necrophages (D:6)
  An ogre (D:6)
  A jelly (D:4)
  Jessica (D:3)
  Natasha (twice) (D:4)
  An iguana (D:5)
  Terence (D:3)
  A hound skeleton (D:6)
  A howler monkey zombie (D:4)
  5 adders
  3 river rats (D:5)
  A worm (D:5)
  2 dart slugs
  An orc (D:3)
  7 ball pythons
  2 bats (D:1)
  6 endoplasms
  2 giant cockroaches
  3 goblins
  7 hobgoblins
  6 jackals (D:1)
  3 kobolds
  A quokka (D:3)
  5 frilled lizards
  9 rats
78 creatures vanquished.

Notes
Turn   | Place    | Note
-------+----------+-------------------------------------------
     0 | D:1      | ChaosChampion the Deep Elf Conjurer began the quest for the
                  | Orb.
     0 | D:1      | Reached XP level 1. HP: 10/10 MP: 6/6
   240 | D:1      | Reached XP level 2. HP: 15/15 MP: 0/8
   567 | D:1      | Found a faded altar of an unknown god.
   575 | D:1      | Reached skill level 4 in Spellcasting
  1001 | D:1      | Reached XP level 3. HP: 19/19 MP: 4/10
  1828 | D:2      | Reached skill level 5 in Spellcasting
  1828 | D:2      | Reached skill level 5 in Conjurations
  1835 | D:2      | Learned a level 2 spell: Searing Ray
  1839 | D:2      | Learned a level 3 spell: Tukima's Dance
  2068 | D:2      | Reached XP level 4. HP: 24/24 MP: 10/13
  2688 | D:3      | Got the Almanac of Moulding and the Escort
  2692 | D:3      | Noticed Terence
  2762 | D:3      | Killed Terence
  3189 | D:3      | Noticed Grinder
  3200 | D:3      | Paralysed by Grinder for 2 turns
  3228 | D:3      | Killed Grinder
  3229 | D:3      | Reached skill level 7 in Spellcasting
  3229 | D:3      | Reached XP level 5. HP: 28/28 MP: 3/16
  3229 | D:3      | Reached XP level 6. HP: 32/32 MP: 3/18
  3234 | D:3      | Learned a level 4 spell: Iskenderun's Mystic Blast
  3328 | D:3      | Noticed Jessica
  3331 | D:3      | Killed Jessica
  3920 | D:4      | Reached skill level 1 in Hexes
  3920 | D:4      | Reached skill level 1 in Translocations
  4317 | D:4      | Noticed Natasha
  4324 | D:4      | Killed Natasha
  4519 | D:4      | Noticed Natasha
  4523 | D:4      | Killed Natasha
  4568 | D:4      | You fall into a shaft and drop 2 floors!
  4584 | D:6      | Reached XP level 7. HP: 36/36 MP: 11/20
  4803 | D:6      | Found a burning altar of Makhleb.
  5028 | D:5      | Entered Level 5 of the Dungeon
  5032 | D:5      | Reached skill level 8 in Spellcasting
  5064 | D:5      | Noticed a yak
  5065 | D:5      | Noticed a yak
  5065 | D:5      | Noticed a yak
  5205 | D:5      | Killed a yak
  5206 | D:5      | Reached XP level 8. HP: 22/41 MP: 16/22
  5208 | D:5      | HP: 1/41 [yak (15)]
  5209 | D:5      | Slain by a yak

Illustrated notes

Levels and vault maps discovered:
D:1:      dpeg_arrival_oval, layout_basic, hellmonk_ecumenical_altar_lost_god,
          minmay_pentomino_u2
D:2:      layout_loops_ring, serial_co_window_serial, co_window_cross_1,
          co_window_paths_b, co_window_paths_a, co_window_corner_a,
          co_window_corner_a, co_window_paths_c, co_window_corner_b,
          co_window_broadway_a, co_window_broadway_a, co_window_unsneaky_path_b,
          co_window_paths_d, co_window_4corner_a, glass_columns_a,
          glass_columns_a, glass_columns_a
D:3:      layout_basic, minivault_27, uniq_jessica, uniq_terence, uniq_grinder
D:4:      layout_rooms, uniq_natasha
D:5:      layout_loops_ring, lemuel_temple_firewalk_b, serial_shops,
          nicolae_shop_overgrown_old_shop, lightli_sewer_entry_pipes
D:6:      layout_loops_corners, makhleb_blood_cavern_becter,
          minmay_misc_feat_more_columns, minmay_strange_pillars, uniq_menkaure

Skill      XL: |  1  2  3  4  5  6  7  8 |
---------------+-------------------------+-----
Spellcasting   | 4 5 7 8 |  8.8
Conjurations   | 5 6 7 |  7.2
Hexes          | 2 4 |  4.0
Translocations | 2 4 |  4.0
Dodging        | |  2.4
Stealth        | |  2.4

Action                   |  1- 3 |  4- 6 |  7- 9 || total
-------------------------+-------+-------+-------++-------
 Cast: Magic Dart        |    68 |    51 |     5 ||   124
       Searing Ray       |       |    14 |    14 ||    28
       Iskenderun's Myst |       |       |     4 ||     4
  Use: Scroll            |       |     4 |       ||     4
Armor: Robe              |       |     2 |       ||     2
Dodge: Dodged            |       |     5 |    17 ||    22

Table legend: (Time is in decaauts)
 A = Elapsed time spent in this place.
 B = Non-inter-level travel time spent in this place.
 C = Inter-level travel time spent in this place.
 D = Time resting spent in this place.
 E = Time spent auto-exploring this place.
 F = Levels seen in this place.
 G = Mean time per level.
                   A        B        C        D        E       F      G
               +--------+--------+--------+--------+--------+-----+--------+
         Total |   5208 |   5165 |     43 |    208 |   4385 |   6 |  868.0 |
       Dungeon |   5208 |   5165 |     43 |    208 |   4385 |   6 |  868.0 |
               +--------+--------+--------+--------+--------+-----+--------+

Top non-repeatable levels by time:
     D:1: 1470 daAuts
     D:2: 1209 daAuts
     D:3: 1146 daAuts
     D:4: 741 daAuts
     D:6: 459 daAuts
     D:5: 180 daAuts
